Cogmind - Beta 16 @@@ ROGUE MODE // 2025.12.28 @ 23:34:20 Player: Red Box Result: Destroyed by 9Y-99K(x) with Makeshift Spear Performance ------------- Evolutions (0) 0 Regions Visited (5) 1000 Robots Destroyed (45) 225 Value Destroyed (902) 902 Prototype IDs (31) 620 Alien Tech Used (0) 0 Bonus (998) 998 TOTAL SCORE: 3745 Bonus ------- Follower Combat Kills 198 Registered with UFD 300 Met Optimus in HQ 500 Cogmind --------- Core Integrity 0/250 Matter 300/300 Energy 136/140 System Corruption 0% Temperature Warm (198) Movement Rolling (295) Ox13 Location -8/Scraptown Parts ------- > --- POWER (1) -------- Light Deuterium Engine > --- PROPULSION (2) --- Armored Treads Compact Wheel > --- UTILITY (2) ------ Humpback > --- WEAPON (2) ------- Riot Gun Compact Gauss Rifle > --- INVENTORY (35) --- Fission Core Improved Medium Treads Cargo Legs High-capacity Storage Unit Huge Storage Unit Large Battery (200) High-capacity Matter Pod (200) Machine Analyzer Improved Sensor Array Advanced Signal Interpreter Advanced Targeting Computer Improved Target Analyzer Gun Armor Makeshift Kinetic Plating Damper Plating Thermal Shield Improved System Shield Authchip [Armor] Authchip [Armor] A0-MCA's Component Scanner Lightning Gun Makeshift Laser EM Pulse Cannon Ion Cannon Improved Proton Missile Launcher System Spiker (6) Junk Cannon (10) Peak State ------------ > --- POWER ------------ Fission Core > --- PROPULSION ------- Armored Treads Improved Medium Treads > --- UTILITY ---------- Huge Storage Unit Makeshift Kinetic Plating > --- WEAPON ----------- Lightning Gun Improved Proton Missile Launcher > --- INVENTORY -------- Improved Ion Engine Cargo Legs Wheel Compact Wheel High-capacity Storage Unit Improved Target Analyzer Gun Armor Thermal Shield Improved System Shield A0-MCA's Component Scanner Riot Gun Makeshift Laser EM Pulse Cannon EM Pulse Cannon Heavy Particle Cannon Ion Cannon Heavy Battle Rifle Junk Cannon Makeshift Sword [Rating: 36] Favorites ----------- Power Ion Engine Engine Ion Engine Power Core Fission Core Propulsion Compact Wheel Treads Light Treads Leg Aluminum Leg Wheel Compact Wheel Utility Huge Storage Unit Device Structural Scanner Storage Huge Storage Unit Protection Makeshift Kinetic Plating Weapon Subdweller Laser Energy Gun Subdweller Laser Energy Cannon EM Pulse Cannon Ballistic Gun Barrage Gun Launcher Improved Proton Missile Launcher Special Weapon Junk Cannon Impact Weapon Hammer Slashing Weapon Makeshift Sword Build | -11 -10 -10 -10 -8 -8 ------- Run | Yrd Mat Min Sub Rec Scr Slots Evolved . | . . . . . . Power . | . . . . . . Propulsion . | . . . . . . Utility . | . . . . . . Weapon . | . . . . . . Parts Attached 53 | 7 11 2 8 3 22 Power 7 | 1 1 . . 1 4 Engine 6 | 1 1 . . 1 3 Core 1 | . . . . . 1 Reactor . | . . . . . . Propulsion 10 | 2 2 . . 1 5 Treads 5 | . 1 . . 1 3 Leg 2 | 2 . . . . . Wheel 3 | . 1 . . . 2 Hover . | . . . . . . Flight . | . . . . . . Utility 9 | 2 3 . 3 . 1 Device 3 | 1 1 . 1 . . Storage 5 | 1 2 . 1 . 1 Processor . | . . . . . . Hackware . | . . . . . . Protection 1 | . . . 1 . . Artifact . | . . . . . . Weapon 27 | 2 5 2 5 1 12 Energy Gun 8 | 2 1 . 2 1 2 Energy Cannon 8 | . 1 2 1 . 4 Ballistic Gun 6 | . 1 . 1 . 4 Ballistic Cannon . | . . . . . . Launcher 1 | . . . . . 1 Special Weapon 2 | . 1 . . . 1 Impact Weapon 1 | . 1 . . . . Slashing Weapon 1 | . . . 1 . . Piercing Weapon . | . . . . . . Special Melee Weapon . | . . . . . . Unidentified Prototypes 2 | . . . 1 . 1 Parts Lost 5 | . 1 . . . 4 Power 1 | . . . . . 1 Propulsion 1 | . . . . . 1 Utility 1 | . 1 . . . . Weapon 2 | . . . . . 2 Highest Loss Streak 4 | . 1 . . . 4 To Critical Strikes . | . . . . . . Average Backups 20 | 5 12 19 22 23 22 Power 1 | . 1 2 1 1 . Propulsion 4 | 3 4 4 5 5 3 Utility 5 | . . 2 2 4 9 Weapon 9 | . 6 11 12 12 9 Tool/Special . | . . . . . . Unused Backups 39 | . . 1 7 3 28 Power 2 | . . . 1 . 1 Propulsion 6 | . . . 3 . 3 Utility 19 | . . . . 1 18 Weapon 11 | . . 1 3 2 5 Tool/Special 1 | . . . . . 1 Average Slot Usage (%) 97 | . 99 100 99 100 93 Engine 12 | . 13 14 14 14 10 Core 1 | . . . . . 3 Treads 11 | . 2 14 14 14 12 Leg 4 | . 22 . . . . Wheel 12 | . 2 14 14 14 15 Device 6 | . 13 14 12 . . Storage 13 | . 14 14 14 14 13 Protection 6 | . . . 1 14 11 Energy Gun 8 | . 10 . 14 26 2 Energy Cannon 5 | . 2 15 3 . 8 Ballistic Gun 7 | . 11 12 . . 11 Special Weapon 1 | . . . . . 2 Slashing Weapon 1 | . . . 8 1 . Peak Build Rating 36 | 9 9 11 21 23 36 Average Rating 19 | 5 8 9 17 19 27 On Entrance 11 | . 9 9 10 19 23 Avg Prop Armor Cover (%) 12 | . 12 11 14 12 11 Naked Turns . | . . . . . . Heaviest Build 223 | 14 51 54 100 102 223 Greatest Support 50 | 20 20 16 16 16 50 Greatest Overweight (x) 13 | 1 3 3 6 6 13 Average Overweight (x) 4 | . 1 3 4 6 6 Largest Inventory Capacity 35 | 8 20 20 25 25 35 Average Capacity 23 | 7 15 20 24 25 27 Most Carried 35 | 7 20 20 25 25 35 Average Carried 21 | 5 12 19 23 24 23 Final Capacity 35 | 8 20 20 25 25 35 Final Carried 32 | 7 20 20 25 25 32 Class Distribution -------------------- 91% | Mutant 8% | Hauler-Mutant Dominant Class ---------------- Mutant | -10/Materials Mutant | -10/Mines Mutant | -10/Subcaves Mutant | -8/Recycling Mutant | -8/Scraptown Resources | -11 -10 -10 -10 -8 -8 ----------- Run | Yrd Mat Min Sub Rec Scr Matter Collected 1580 | 270 318 52 150 24 766 Remotely . | . . . . . . Salvage Created 1503 | 189 533 131 66 140 444 Parts 96 | 17 38 7 6 7 21 Haulers Intercepted 2 | . 2 . . . . Recyclers Shooed . | . . . . . . Parts Field Recycled . | . . . . . . Retrieved Matter . | . . . . . . Parts Self-Destructed 8 | . . . 8 . . Prevented . | . . . . . . Parts Restored . | . . . . . . Kills | -11 -10 -10 -10 -8 -8 ------- Run | Yrd Mat Min Sub Rec Scr Combat Hostiles Destroyed 31 | . 15 5 2 1 8 Guns 19 | . 14 2 . 1 2 Cannons 6 | . . 2 2 . 2 AOE 5 | . 1 . . . 4 Classes Destroyed 15 | 2 5 . 2 1 5 Builder 2 | . 2 . . . . Tunneler 5 | 5 . . . . . Hauler 2 | . 2 . . . . Recycler 2 | 1 . . . 1 . Watcher 3 | . 3 . . . . Swarmer 15 | . 12 3 . . . Grunt 5 | . 3 2 . . . Sentry 1 | . . . . 1 . Artisan 1 | . . . 1 . . Subdweller 2 | . . . 2 . . Federalist 1 | . . . . . 1 Explorer 3 | . . . . . 3 Ranger 1 | . . . . . 1 Guru 1 | . . . . . 1 Scrapper 2 | . . . . . 2 Best Kill Streak 6 | 6 4 3 2 2 4 Combat Bots Only 4 | . 3 3 2 1 4 Max Kills in Single Turn 3 | 1 2 1 1 1 3 Gunslinging 1 | . 1 . . . . Exploded 2 | . 1 . . . 2 Melee . | . . . . . . Uniques/NPCs Destroyed . | . . . . . . Combat | -11 -10 -10 -10 -8 -8 -------- Run | Yrd Mat Min Sub Rec Scr Hostile Shots Fired 161 | . 59 9 3 . 90 Missed 56 | . 16 5 1 . 34 Hits 105 | . 43 4 2 . 56 Melee 13 | . . . . . 13 Projectile 92 | . 43 4 2 . 43 Critical Strikes 1 | . . . . . 1 Damage Taken 1471 | . 452 46 88 . 885 Core 260 | . 60 . . . 200 Absorbed by Shields . | . . . . . . Regen/Repaired (Parts) 617 | . 192 . . . 425 Core Remaining (%) 100 | 100 . . . . . Volleys Fired 88 | 10 46 10 4 2 16 Largest 2 | 2 2 2 2 2 2 Hottest 126 | 90 100 112 120 120 126 Shots Fired 160 | 20 87 18 6 4 25 Gun 121 | 20 82 4 . 4 11 Cannon 32 | . . 14 6 . 12 Launcher 2 | . . . . . 2 Special 5 | . 5 . . . . Kinetic 52 | . 41 4 . . 7 Thermal 47 | 20 9 4 6 4 4 Explosive . | . . . . . . Electromagnetic 61 | . 37 10 . . 14 Robot Hit Streak 8 | 5 7 5 4 7 8 Robot Miss Streak 2 | 2 2 1 . . 2 Penetration Max 1 | . . . . . 1 Secondary Targets 3 | . 2 . . . 1 Max Gunslinging Chain 1 | . 1 . . . 1 Shots Hit Robots 98 | 13 52 12 6 3 12 Core Hits 53 | 7 25 4 2 2 13 Critical Kills . | . . . . . . Critical Parts Destroyed . | . . . . . . Critical Strikes . | . . . . . . Melee Attacks 28 | . 3 . 25 . . Impact 18 | . 3 . 15 . . Slashing 10 | . . . 10 . . Piercing . | . . . . . . Sneak Attacks 1 | . . . 1 . . Combat Hostiles . | . . . . . . Follow-up Attacks . | . . . . . . Damage Inflicted 2152 | 152 861 239 162 62 676 Guns 1261 | 152 760 34 . 62 253 Cannons 322 | . . 205 52 . 65 Explosions 459 | . 101 . . . 358 Melee 110 | . . . 110 . . Ramming . | . . . . . . Kinetic 585 | . 368 34 . . 183 Thermal 701 | 152 125 38 52 62 272 Explosive . | . . . . . . Electromagnetic 756 | . 368 167 . . 221 Impact 36 | . . . 36 . . Slashing 74 | . . . 74 . . Piercing . | . . . . . . Highest Corruption 2 | . . . . 2 . Average Corruption 1 | . . . . 1 . Corruption Purged . | . . . . . . Corruption Blocked . | . . . . . . Effects 9 | . . . . 9 . Message Errors 1 | . . . . 1 . Matter Fused 5 | . . . . 5 . Heat Flow Errors 1 | . . . . 1 . Energy Discharges 1 | . . . . 1 . Data Loss (major) 1 | . . . . 1 . Overload Shots . | . . . . . . Overflow Damage 59 | . . 18 34 . 7 Projectiles 18 | . . 18 . . . Explosions 7 | . . . . . 7 Melee 34 | . . . 34 . . Knockbacks . | . . . . . . Impact . | . . . . . . Kinetic . | . . . . . . Secondary . | . . . . . . Self-Inflicted Damage 59 | . 59 . . . . Shots 2 | . 2 . . . . Rammed . | . . . . . . Targets Rammed . | . . . . . . Kicked . | . . . . . . Crushed . | . . . . . . Highest Temperature 198 | 112 40 198 . 147 198 Average Temperature 47 | 42 18 81 . 73 51 Received Heat Transfer 360 | . 78 18 6 . 258 Siege Activations . | . . . . . . Martial Activations . | . . . . . . Shielding Activations . | . . . . . . Robots Disrupted . | . . . . . . Combat Hostiles . | . . . . . . Robots Corrupted 2 | . 1 1 . . . Combat Hostiles 1 | . . 1 . . . Parts Fried 7 | . 3 3 . . 1 Impact Corruptions . | . . . . . . Robots Melted . | . . . . . . Combat Hostiles . | . . . . . . Parts Melted 3 | 2 . . . . 1 Heat Transferred 1032 | 385 200 74 111 75 187 Parts Sabotaged . | . . . . . . Parts Stolen . | . . . . . . Parts Stripped . | . . . . . . Power Chain Reactions 3 | . 2 . . . 1 Alert | -11 -10 -10 -10 -8 -8 ------- Run | Yrd Mat Min Sub Rec Scr Maximum Alert Level . | . . . . . . Low Security (%) 100 | 100 100 100 . 100 . Level 1 . | . . . . . . Level 2 . | . . . . . . Level 3 . | . . . . . . Level 4 . | . . . . . . Level 5 . | . . . . . . High Security . | . . . . . . Max Security . | . . . . . . Peak Influence 196 | 15 196 60 . 50 . Initial 54 | . . 54 . . . Average 50 | 3 84 14 . 8 . Influence Increases 1076 | 30 692 135 . 219 . Destroy 0b10 Robot/C 460 | . 300 100 . 60 . Destroy 0b10 Robot/NC 70 | 30 35 . . 5 . Destroy Leader 80 | . 60 20 . . . Allied During Kill 19 | . . . . 19 . Trap Triggered on 0b10 60 | . 60 . . . . Successful Hack 55 | . 40 . . 15 . Select Force Hacks 180 | . 60 . . 120 . Destroy Structure 17 | . 17 . . . . Lose Combat Pursuer 135 | . 120 15 . . . Influence Decreases 1076 | 30 553 274 . 219 . Entered New Map 85 | . . 85 . . . Time Decay 971 | 30 533 189 . 219 . Lost Part 10 | . 10 . . . . Lost Ally 10 | . 10 . . . . Squads Dispatched 2 | . 2 . . . . Investigation 2 | . 2 . . . . Extermination . | . . . . . . Reinforcement . | . . . . . . Assault . | . . . . . . Garrison . | . . . . . . Intercept . | . . . . . . Searches Triggered . | . . . . . . Construction Impeded . | . . . . . . Haulers Reinforced . | . . . . . . Active Scanning Responses . | . . . . . . Cargo Convoy Interrupts . | . . . . . . Stealth | -11 -10 -10 -10 -8 -8 --------- Run | Yrd Mat Min Sub Rec Scr Distress Signals . | . . . . . . Communications Jammed . | . . . . . . Distress Signals . | . . . . . . Times Spotted 50 | . 27 5 4 1 13 Peak Tracking Total 10 | . 4 3 2 1 10 Tactical Retreats 8 | . 7 1 . . . Traps | -11 -10 -10 -10 -8 -8 ------- Run | Yrd Mat Min Sub Rec Scr Traps Triggered 1 | . . . 1 . . Indirectly . | . . . . . . Trap Hack Attempts . | . . . . . . Triggered . | . . . . . . Disarmed . | . . . . . . Reprogrammed 7 | . 7 . . . . Reused 6 | . 6 . . . . Traps Extracted . | . . . . . . Installed . | . . . . . . Triggered 6 | . 6 . . . . Most Traps Carried 1 | . . . . . 1 Machines | -11 -10 -10 -10 -8 -8 ---------- Run | Yrd Mat Min Sub Rec Scr Machines Disabled 4 | . . . 1 . 3 Max in Single Turn 1 | . . . 1 . 1 Machines Repaired . | . . . . . . Machines Dismantled . | . . . . . . Machines Sabotaged . | . . . . . . Overloaded Fab Kills . | . . . . . . Hacking | -11 -10 -10 -10 -8 -8 --------- Run | Yrd Mat Min Sub Rec Scr Machines Accessed 27 | . 11 . 1 11 4 Terminals 14 | . 8 . . 6 . Fabricators . | . . . . . . Repair Stations 1 | . 1 . . . . Recycling Units 7 | . 2 . . 5 . Scanalyzers . | . . . . . . Garrison Access . | . . . . . . Total Hacks 104 | . 55 . 1 34 14 Successful 66 | . 39 . 1 12 14 Failed 37 | . 15 . . 22 . Catastrophic 6 | . 1 . . 5 . Database Lockouts 1 | . 1 . . . . Manual 50 | . 33 . . 17 . Terminals 54 | . 36 . . 18 . Fabricators . | . . . . . . Repair Stations 12 | . 12 . . . . Recycling Units 23 | . 7 . . 16 . Scanalyzers . | . . . . . . Garrison Access . | . . . . . . Terminal Hacks 27 | . 10 . 1 2 14 Record 13 | . . . . . 13 Part Schematic 1 | . . . . 1 . Robot Analysis 4 | . 3 . . 1 . Prototype ID Bank 3 | . 3 . . . . Locate Traps 1 | . 1 . . . . Reprogram Traps 2 | . 2 . . . . Hauler Manifests 1 | . 1 . . . . Proto ID Catalog 2 | . . . 1 . 1 Fabricator Hacks . | . . . . . . Repair Station Hacks 10 | . 10 . . . . Scan Component 5 | . 5 . . . . Repair 5 | . 5 . . . . Recycling Unit Hacks 5 | . 1 . . 4 . Retrieve Components 5 | . 1 . . 4 . Scanalyzer . | . . . . . . Garrison Access Hacks . | . . . . . . Unauthorized Hacks 24 | . 18 . . 6 . Terminals 14 | . 13 . . 1 . Track 2 | . 2 . . . . Assimilate 1 | . 1 . . . . Botnet 4 | . 3 . . 1 . Disrupt 1 | . 1 . . . . Operators 1 | . 1 . . . . Skim 5 | . 5 . . . . Fabricators . | . . . . . . Repair Stations . | . . . . . . Recycling Units 10 | . 5 . . 5 . Reject 2 | . 1 . . 1 . Recyclers 1 | . 1 . . . . Mask 1 | . 1 . . . . Tunnel 6 | . 2 . . 4 . Scanalyzers . | . . . . . . Garrison Access . | . . . . . . Data Cores Recovered . | . . . . . . Used . | . . . . . . Hacking Detections 21 | . 11 . . 10 . Full Trace Events 7 | . 1 . . 6 . Feedback Events 2 | . . . . 2 . Corruption 2 | . . . . 2 . Feedback Blocked . | . . . . . . Robot Schematics Acquired . | . . . . . . Robots Built . | . . . . . . Authchips . | . . . . . . Time . | . . . . . . Total Robot Build Rating . | . . . . . . Part Schematics Acquired 1 | . . . . 1 . Parts Built . | . . . . . . Authchips . | . . . . . . Time . | . . . . . . Total Part Build Rating . | . . . . . . Part Studies Acquired . | . . . . . . Parts Repaired 5 | . 5 . . . . Time 130 | . 130 . . . . Parts Recycled . | . . . . . . Recycled Matter . | . . . . . . Retrieved Matter . | . . . . . . Retrieved Components 8 | . 2 . . 6 . Parts Scanalyzed . | . . . . . . Part Schematics Acquired . | . . . . . . Parts Damaged . | . . . . . . Bothacking | -11 -10 -10 -10 -8 -8 ------------ Run | Yrd Mat Min Sub Rec Scr Used RIF Installer . | . . . . . . Robots Hacked . | . . . . . . Non-combat . | . . . . . . Combat . | . . . . . . Robot Hacks Applied . | . . . . . . Relay Couplers Released . | . . . . . . Fabnet Peak Effective % . | . . . . . . Robots Rewired . | . . . . . . Allies Hacked . | . . . . . . Hacks Repelled . | . . . . . . Allies | -11 -10 -10 -10 -8 -8 -------- Run | Yrd Mat Min Sub Rec Scr Total Allies 9 | . 1 3 5 . . Largest Group 5 | . 1 3 5 5 5 Highest-Rated Group 92 | . 10 40 92 92 92 Highest-Rated Ally 19 | . 10 16 19 19 19 Total Orders 9 | . 7 2 . . . STAY 5 | . 4 1 . . . FOLLOW 4 | . 3 1 . . . Ally Attacks 50 | . . . 28 5 17 Total Damage 655 | . . . 321 65 269 Kills 6 | . . . 1 2 3 Allies Corrupted . | . . . . . . Allies Melted 4 | . . . . . 4 Intel | -11 -10 -10 -10 -8 -8 ------- Run | Yrd Mat Min Sub Rec Scr Active Infowar (turns) 3636 | 31 2652 795 158 . . Terrain 860 | 31 829 . . . . Structural 2776 | . 1823 795 158 . . Robot Analysis Total 4 | . 3 . . 1 . Derelict Logs Recovered 7 | . . 1 1 . 5 Drone Launches . | . . . . . . Drone Recoveries . | . . . . . . Exploration | -11 -10 -10 -10 -8 -8 ------------- Run | Yrd Mat Min Sub Rec Scr Turns Passed 13356 | 124 2673 795 2801 1287 5676 Spaces Moved 6657 | 65 1274 483 1545 643 2647 Core 2 | 2 . . . . . Treads 4 | . . . . . 4 Legs 1052 | 63 989 . . . . Wheels 5599 | . 285 483 1545 643 2643 Hover . | . . . . . . Flight . | . . . . . . Fastest Speed 50 | 50 120 145 145 190 115 Average Speed 181 | 118 172 145 171 190 198 Slowest Speed 325 | 120 260 145 190 190 325 Overloaded Moves . | . . . . . . Propulsion Burnouts . | . . . . . . Robots Hopped . | . . . . . . Potential Cave-ins . | . . . . . . Cave-ins Triggered . | . . . . . . Exploration Rate (%) 73 | 4 99 74 71 98 93 Regions Visited 5 Branch Regions 4 Pre-discovered Areas 6 | . 2 . . 4 . Known Exits Taken . | . . . . . . Unknown Exits Taken 5 | 1 1 1 1 1 . Scrap Searched 20 | . . . 12 . 8 Spaces Dug 10 | . 7 . 1 . 2 Terrain Destroyed 21 | . 15 . 1 . 5 Melee 3 | . 2 . 1 . . Projectile 7 | . 5 . . . 2 AOE 11 | . 8 . . . 3 Terrain Rammed . | . . . . . . Walls Destroyed . | . . . . . . Machines Disabled . | . . . . . . Actions | -11 -10 -10 -10 -8 -8 --------- Run | Yrd Mat Min Sub Rec Scr Total 7698 | 88 1649 558 1649 706 3048 Wait 664 | . 278 60 25 45 256 Move 6652 | 64 1273 482 1544 642 2647 Hop . | . . . . . . Pick Up 110 | 7 20 1 19 5 58 Fast Attach 16 | 7 5 . 1 1 2 Attach 17 | . 5 . 4 . 8 Detach 2 | . 1 . 1 . . Swap 52 | . 10 4 10 4 24 Drop 69 | . 8 1 16 7 37 Fire 88 | 10 46 10 4 2 16 Melee 28 | . 3 . 25 . . Ram . | . . . . . . Kick . | . . . . . . Crush . | . . . . . . Escape Stasis . | . . . . . . Rewire . | . . . . . . Trap . | . . . . . . Miscellaneous . | . . . . . . Route ------- -11/Scrapyard -10/Materials (discovered 6 exits: *Mat x3 / [*Min x2] / *Sub) -10/Mines (discovered 3 exits: *Mat / [*Exi] / *Sub) -10/Subcaves (discovered 2 exits: *Mat / *Rec) -8/Recycling (discovered 2 exits: *Fac / *Scr) -8/Scraptown (discovered 2 exits: *Fac x2) History --------- Turn | Location | Event 16 | -11/Scrapyard | Discovered new exit (range 14) 125 | -11/Scrapyard | Entered Materials 301 | -10/Materials | Build established: Mutant 365 | -10/Materials | Central database locked down 403 | -10/Materials | Discovered new exit (range 13) 406 | -10/Materials | Discovered new exit (range 10) 415 | -10/Materials | Discovered new exit (range 13) 520 | -10/Materials | Learned Recycling recycling unit intel 581 | -10/Materials | Loaded intel: 19 trap records 631 | -10/Materials | Identified exit to Materials 673 | -10/Materials | Learned 4 Recycling zone layouts 704 | -10/Materials | Learned 4 Subcaves zone layouts 753 | -10/Materials | Learned Storage security intel 793 | -10/Materials | Loaded intel: 1 repair station location 973 | -10/Materials | Discovered exit to Materials (range 12) 1130 | -10/Materials | Repaired EM Pulse Gun 1158 | -10/Materials | Repaired Ion Engine 1185 | -10/Materials | Repaired Assault Rifle 2530 | -10/Materials | Repaired Beam Cannon 2558 | -10/Materials | Repaired Assault Rifle 2798 | -10/Materials | Entered Mines 2823 | -10/Mines | Learned 8 Materials zone layouts 3002 | -10/Mines | Discovered new exit (range 5) 3107 | -10/Mines | A weapon hastily lodged in a ceiling crevice suddenly fell to the ground 3169 | -10/Mines | Discovered exit to Materials (range 6) 3240 | -10/Mines | Assisted by bots powering up and referring to "LRC-V3" 3391 | -10/Mines | Deemed a non-threat by the Exiles lab entrance 3391 | -10/Mines | Discovered new exit (range 6) 3593 | -10/Mines | Entered Subcaves 3593 | -10/Subcaves | Accompanied by 3 allies 3594 | -10/Subcaves | Identified exit to Materials 3600 | -10/Subcaves | Shifting Twisted Machinery released Sub. Machine Gun 3601 | -10/Subcaves | Shifting Twisted Machinery released Flamer 3691 | -10/Subcaves | Visited triangular shrine 3700 | -10/Subcaves | Found Prototype Device 3737 | -10/Subcaves | Identified V3-11A's Pendant 3742 | -10/Subcaves | Befriended Subdweller 3807 | -10/Subcaves | A Subdweller sparked back to life 3807 | -10/Subcaves | A Subdweller sparked back to life 3889 | -10/Subcaves | Befriended Subdweller 4002 | -10/Subcaves | Found Prototype Leg 4475 | -10/Subcaves | Shifting Twisted Machinery released Sub. Machine Gun 4506 | -10/Subcaves | Shifting Twisted Machinery released Mak. Sword 4914 | -10/Subcaves | Befriended Subdweller 4933 | -10/Subcaves | Discovered new exit (range 10) 5032 | -10/Subcaves | Disturbed a concealed Subdweller 5039 | -10/Subcaves | Befriended Subdweller 5321 | -10/Subcaves | A swath of the cavern ceiling suddenly collapsed 5343 | -10/Subcaves | Learned Materials terminal intel 5510 | -10/Subcaves | Visited 4L-MR0's lab 5521 | -10/Subcaves | Identified Cargo Legs 5532 | -10/Subcaves | Found Gun Armor 5639 | -10/Subcaves | Befriended Subdweller 6394 | -10/Subcaves | Entered Recycling 6394 | -8/Recycling | Accompanied by 5 allies 6395 | -8/Recycling | Identified exit to Factory 6396 | -8/Recycling | Loaded intel: 5 recycling unit locations 7618 | -8/Recycling | Scanned before Scraplab entrance 7647 | -8/Recycling | Entered Scraplab 7662 | -8/Recycling | Discovered new exit (range 2) 7681 | -8/Recycling | Entered Scraptown 7681 | -8/Scraptown | Accompanied by 5 allies 7681 | -8/Scraptown | System corruption cleaned by C-Scrubber 8085 | -8/Scraptown | Delivered V3-11A's Pendant to T0-NE2 in exchange for information 8155 | -8/Scraptown | Visited Symbiants 8206 | -8/Scraptown | Visited Spacefarers 8235 | -8/Scraptown | Visited Cave Peace 8297 | -8/Scraptown | Visited Awakened 8337 | -8/Scraptown | Visited Shadow of the Wyrm 8360 | -8/Scraptown | Visited CR-KLE's Repair Center 8419 | -8/Scraptown | Visited IN-MT5's Study 8542 | -8/Scraptown | Heard Great Nut preacher, LISTEN AND RECITE! 8542 | -8/Scraptown | Scanned Subdweller tech in exchange for log data 8546 | -8/Scraptown | Learned Factory garrison access intel 8548 | -8/Scraptown | Learned Research stockpile data 8550 | -8/Scraptown | Learned Factory emergency access door positions 8552 | -8/Scraptown | Learned location of 2 exits from Proximity Caves 8554 | -8/Scraptown | Learned Research security intel 8577 | -8/Scraptown | Discovered exit to Factory (range 11) 9483 | -8/Scraptown | Visited UFD Registry 9483 | -8/Scraptown | Registered with UFD as "Phaseforce" 9544 | -8/Scraptown | Visited Junk Cannon Lab 9597 | -8/Scraptown | Visited A0-MCA Data Center 9629 | -8/Scraptown | Visited Junk Repository 9826 | -8/Scraptown | Discovered exit to Factory (range 5) 9889 | -8/Scraptown | Visited Chapter 10 9923 | -8/Scraptown | Visited Infowarlord's Domain 10000 | -8/Scraptown | Visited Curators Association 10038 | -8/Scraptown | Visited Junk Repository 10093 | -8/Scraptown | Visited Science Guys 10882 | -8/Scraptown | Given a C- rating by A0-MCA 10888 | -8/Scraptown | Found A0-MCA's Component Scanner 10942 | -8/Scraptown | Found Prototype Special Weapon 11214 | -8/Scraptown | CR-KLE repaired 6 parts 11340 | -8/Scraptown | Identified Junk Cannon 12291 | -8/Scraptown | Visited DA-N13 Charitable Foundation 12303 | -8/Scraptown | Found DCF Scrap (27 items) 12429 | -8/Scraptown | Build established: Hauler-Mutant 12776 | -8/Scraptown | Met Optimus 12776 | -8/Scraptown | Accepted into 0bPrime 13176 | -8/Scraptown | Civil war broke out across Scraptown 13182 | -8/Scraptown | Found System Spiker 13265 | -8/Scraptown | Found Damper Plating 13325 | -8/Scraptown | Core integrity fell below 50% 13354 | -8/Scraptown | Core integrity fell below 20% 13356 | -8/Scraptown | Lost 15 allies 13357 | -8/Scraptown | Destroyed by 9Y-99K(x) with Makeshift Spear Last Messages --------------- 13337_ EM Pulse Cannon destroyed. 13338_ Deuterium Engine destroyed. 13343_ Acquired Lgt. Deuterium Engine. 13345_ PE-GB8(g): "Can we win this? Even if we take Scraptown, they'll hit us from Junction 34." 13345_ Slug penetrates 2D-WGQ(x). 13348_ Destroyed Trap Scanner. 13348_ Mak. Spear fried. 13348_ 2D-WGQ(x) destroyed. 13349_ Acquired 28 matter. 13351_ Slug penetrates HC-2Q2(x). 13351_ HC-2Q2(x) destroyed. 13351_ Switching to secondary target: 7Z-PZ7(j). 13351_ Chain reaction triggered in Lgt. Deuterium Engine. 13351_ 7Z-PZ7(j) destroyed. 13351_ CU-BLZ(p) destroyed. 13351_ Destroyed Lgt. Ion Engine. 13352_ Acquired 4 matter. 13356_ PE-GB8(g) destroyed. Map ----- +----------------------------------------------------+ | """"""#??????????# ### " #?????????????????? | | """"""#??????????# ## ""#?????????????????? | | """"""#??????????# ## ""#?????????????????? | | """############ ## """"#?????????????????? | | """#!!#!= #= ## ## " ""#?????????????????? | | """#] # !!#][## ## """"#?????????????????? | | """"#= # # ## ## ""#?????????????????? | | """# ## ### "#?????????????????? | | "# ## # #?????????????????? | | ########### ##### ## #########?????????????????? | | ########### ##### ## ##????????????????????????? | | """"""""""" """"" "" "#????????????????????????? | | * %= "#????????????????????????? | | [%= "###########??????????????? | | = [ % "## !!!!! #??????????????? | | "## #??????????????? | | ! #??????????????? | | """"""""""""" [ "## #??????????????? | | """""""""""""" =%[ ## !!!!! #??????????????? | | ################ ! "###########??????????????? | | ##????????# =! "#########????????????????? | | X"#????????# [=% "## ! #????????????????? | | "" ##????????#" %!* ## #????????????????? | | "" X"#??????###""!=!=[=!# =!* #????????????????? | | " #########=[ *!!! %%x#!=!*###????????????????? | | =*%=[[%%!!!%!j@=![ ###????????????????? | | [% !!%/!==%=g%##=!*[]*#????????????????? | | " #########=#" [*!!=%##! =]=*#????????????????? | | "" ""#??????###""%!= ="##=[|*!!#????????????????? | | "" ##????????#""=!=[ #########????????????????? | | X"#????????#""%!%[ "#????????????????????????? | | ##????????#"=!!!!! #????????????????????????? | | ################""[!!%="#?####???????????????????? | | """"""""""""""""""=%[=*"##" "" #??????????????? | | """""""""""""""""!!*[[&=[ " " ????????????????? | | !&&&[%!!!"##" ""????????????????? | | [%%!*[%!%!"#?" ""????????????????? | | &[&=&*&[[ #?? "????????????????? | | &&[!!!&*==##? "" #??????????????? | | & !%[%%[%#?? "?? #??????????????? | | "" """"""""" " """ " =!=##?? "???"#??????????????? | | ## ########### #####" =#???? ???????????????????? | | #" "# [[#????##??????????????????? | | ! ##" ="## !%#????????????????????????? | | # # "" " " ##*!=#????????????????????????? | | #! # ##"" & ""##%!="#???????????????????????? | | !#! ]# #" [ "# !%##???????????????????????? | | ##########"" ""## *############?????????????? | | ?????????#&" "]## ! #?????????????? | | ?????????#"" ""## ##?????????????? | +----------------------------------------------------+ Best States ------------- Heat Dissipation 25 Energy Generation 18 Energy Capacity 310 Matter Stores 300 Matter Capacity 300 Sight Range 16 Terrain Scan Range 16 Terrain Scan Density 10 Armor Coverage 100 Resistance: KI 10 Evasion (%) 55 Recoil Reduction 2 Authchip Count 2 Item Schematics ----------------- Hrd. Medium Armor Plating | -8/Recycling | Hacked Robot Schematics ------------------ None Fabricated ------------ Nothing Repaired ---------- EM Pulse Gun | 37% | -10/Materials Ion Engine | 36% | -10/Materials Assault Rifle | 55% | -10/Materials Beam Cannon | 66% | -10/Materials Assault Rifle | 53% | -10/Materials Studied --------- None Alien Tech Used ----------------- None Achievements -------------- None Challenges ------------ None Game ------ Seed DroneSubdwellerObliterator Manual? 0 Play Time 01:19:50 Cumulative 909.5 hours Start 2025.12.28 @ 15:39:03 End 2025.12.28 @ 23:34:20 Sessions 3 Manual Loads 0 Difficulty Rogue Special Mode None Game No. 567 Rogue 567 Adventurer 0 Explorer 0 Win Type - Total 3 Types 3/0/0/0/0/0/0/0/0/0 Lore% 81 Gallery% 74 Achievement% 59 Wizard Run 0 Options --------- Layout 1 ASCII 0 Keyboard 0 Movement Mouse Keybinds 0 Fullscreen 1 Font 20/SmallcapsGlow Map View 54x42 Zoom Use 0% Tactical HUD 1 Map Filters NONE Filters NONE Steam 1 RUN: 98ef7032-6f78-430e-b1a6-a3b011cf4e43